 Dungeon Crawl Stone Soup version 0.23.2-40-g277498a001 (webtiles) character file.

Game seed: 11231772462036687741

100 FishyPogo the Insei (level 4, -2/34 HPs)
             Began as a Gnoll Transmuter on Sept 21, 2019.
             Was an Initiate of Vehumet.
             Slain by Crazy Yiuf
             ... wielding a +2 quarterstaff of chaos
              (6 damage)
             ... while petrified by Crazy Yiuf
             ... on level 2 of the Dungeon.
             The game lasted 00:05:59 (1769 turns).

FishyPogo the Insei (Gnoll Transmuter)              Turns: 1769, Time: 00:06:00

Health: -2/34      AC:  0    Str: 17    XL:     4   Next: 73%
Magic:  1/11       EV:  5    Int: 16    God:    Vehumet [......]
Gold:   97         SH:  0    Dex: 21    Spells: 11/13 levels left

rFire    . . .     SeeInvis .     - Unarmed
rCold    . . .     Gourm    .   (shield currently unavailable)
rNeg     + + +     Faith    .   (armour currently unavailable)
rPois    ∞         Spirit   .   (helmet currently unavailable)
rElec    .         Reflect  .   (cloak currently unavailable)
rCorr    .         Harm     .   (gloves currently unavailable)
MR       .....                  (boots currently unavailable)
Stlth    ++........             (no amulet)
HPRegen  0.11/turn              (ring currently unavailable)
MPRegen  0.12/turn              (ring currently unavailable)

@: mighty, bat-form, petrified, flying, very slightly contaminated, very quick
A: tiny, distributed training, wild magic 1, strong nose
a: Renounce Religion


You were on level 2 of the Dungeon.
You worshipped Vehumet.
Vehumet was noncommittal.
You were hungry.
You were in bat-form.
You visited 1 branch of the dungeon, and saw 2 of its levels.

You collected 97 gold pieces.

Inventory:

Missiles
 a - 12 arrows
 c - 79 stones (quivered)
 h - 47 sling bullets
Armour
 b - a +0 robe (melded)
 i - a +0 pair of boots (melded)
 n - a +0 pair of gloves (melded)
Jewellery
 f - a +3 ring of dexterity (melded)
 q - a ring of fire (melded)
Scrolls
 e - a scroll of fog {unknown}
 g - a scroll of fear {unknown}
 k - 3 scrolls of teleportation {unknown}
 m - 2 scrolls of blinking {unknown}
 r - a scroll of enchant weapon {unknown}
Comestibles
 d - 3 rations


   Skills:
 + Level 2.8 Fighting
 + Level 1.2 Short Blades
 + Level 1.2 Long Blades
 + Level 1.2 Axes
 + Level 1.2 Maces & Flails
 + Level 1.2 Polearms
 + Level 1.2 Staves
 + Level 1.2 Slings
 + Level 1.2 Bows
 + Level 1.2 Crossbows
 + Level 1.2 Throwing
 + Level 1.2 Armour
 + Level 4.6 Dodging
 + Level 1.2 Stealth
 + Level 1.2 Shields
 + Level 6.6 Unarmed Combat
 + Level 5.1 Spellcasting
 + Level 1.0 Conjurations
 + Level 1.0 Hexes
 + Level 1.0 Charms
 + Level 1.0 Summonings
 + Level 1.0 Necromancy
 + Level 1.0 Translocations
 + Level 3.8 Transmutations
 + Level 1.0 Fire Magic
 + Level 1.0 Ice Magic
 + Level 1.0 Air Magic
 + Level 1.0 Earth Magic
 + Level 1.0 Poison Magic
 + Level 1.3 Invocations
 + Level 1.2 Evocations


You had 11 spell levels left.
You knew the following spells:

 Your Spells              Type           Power        Failure   Level  Hunger
a - Sandblast             Erth           #.....       14%         1    None
d - Beastly Appendage     Tmut           ###...       5%          1    None

Your spell library contained the following spells:

 Spells                   Type           Power        Failure   Level  Hunger
 Sticks to Snakes         Tmut           ###.....     8%          2    #......
 Spider Form              Tmut/Pois      ###.......   24%         3    ###....
 Ice Form                 Ice/Tmut       ###.....     58%         4    ####...
 Blade Hands              Tmut           ###.......   73%         5    ######.


Dungeon Overview and Level Annotations

Branches:
Dungeon (2/15)

Altars:
Dithmenos
Gozag
Qazlal
Ru
Vehumet

Annotations:
D:2 Crazy Yiuf


Innate Abilities, Weirdness & Mutations

Your experience applies equally to all skills.
((You have very sharp teeth.))
Your uncanny sense of smell can sniff out nearby items.
Your spells are a little harder to cast, but a little more powerful.
((Your movements are less encumbered by armour. (ER -4)))


Message History

Crazy Yiuf draws strength from your wounds!
Crazy Yiuf hits you with a +2 quarterstaff of chaos!
* * * LOW HITPOINT WARNING * * *
You feel your power leaking away.
Your limbs are stiffening.
Okay, then.
It was a potion of might.
You feel very mighty all of a sudden. Crazy Yiuf barely misses you.
Crazy Yiuf closely misses you.
You have turned to stone.
Crazy Yiuf hits you but does no damage.
You turn into a bat.
Your +0 pair of gloves melds into your body.
Your +0 pair of boots melds into your body.
Your +0 robe melds into your body.
Your +3 ring of dexterity melds into your body.
Your ring of fire melds into your body.
You feel clumsy.
Crazy Yiuf grits, "Announcement!
Pitchfork fast stair."
Crazy Yiuf hits you with a +2 quarterstaff of chaos!
You die...

.....####
#......#..#.#.# .....#
####.#.#..#.#.# ######
#.#<####.#.# §# #####
###.# .# #.# .#
######## #.# ###
##.#..#.### ###
#.####### ..#
##......#..##...#
#.#......
..####......####bg...#
#.#.#####
.........#.## ###..)#
##.#.### ...#########
### #......# ...#
#......# ...# #......#
...######
#####......###
........#########
#.#...........
..####..........#
#.#...)....##.
..#..........##.#
#.############


You could see Crazy Yiuf.

Vanquished Creatures
  An adder (D:2)
  4 gnolls (D:2)
  A worm (D:2)
  2 dart slugs (D:2)
  2 leopard geckos
  6 goblins
  3 hobgoblins
  4 jackals (D:2)
  7 kobolds
  A ball python (D:2)
  6 bats
  3 frilled lizards
  5 rats
45 creatures vanquished.

Notes
Turn   | Place    | Note
-------+----------+-------------------------------------------
     0 | D:1      | FishyPogo the Gnoll Transmuter began the quest for the Orb.
     0 | D:1      | Reached XP level 1. HP: 17/17 MP: 6/6
   181 | D:1      | Reached XP level 2. HP: 13/23 MP: 7/7
   891 | D:2      | Found a sacrificial altar of Ru.
   891 | D:2      | Found a radiant altar of Vehumet.
   891 | D:2      | Found an opulent altar of Gozag.
   896 | D:2      | Became a worshipper of Vehumet
   955 | D:2      | Reached XP level 3. HP: 28/28 MP: 7/9
   959 | D:2      | Reached skill level 5 in Spellcasting
  1062 | D:2      | Reached skill level 1 in Invocations
  1070 | D:2      | HP: 1/28 [gnoll/+0 spear (5)]
  1082 | D:2      | Gained mutation: Your movements are slightly less
                  | encumbered by armour. (ER -2) [potion of mutation]
  1082 | D:2      | Gained mutation: Your spells are a little harder to cast,
                  | but a little more powerful. [potion of mutation]
  1082 | D:2      | Gained mutation: Your movements are less encumbered by
                  | armour. (ER -4) [potion of mutation]
  1085 | D:2      | Reached skill level 1 in Short Blades
  1085 | D:2      | Reached skill level 1 in Long Blades
  1085 | D:2      | Reached skill level 1 in Axes
  1085 | D:2      | Reached skill level 1 in Maces & Flails
  1085 | D:2      | Reached skill level 1 in Polearms
  1085 | D:2      | Reached skill level 1 in Staves
  1085 | D:2      | Reached skill level 1 in Slings
  1085 | D:2      | Reached skill level 1 in Bows
  1085 | D:2      | Reached skill level 1 in Crossbows
  1085 | D:2      | Reached skill level 1 in Throwing
  1085 | D:2      | Reached skill level 1 in Armour
  1085 | D:2      | Reached skill level 1 in Stealth
  1085 | D:2      | Reached skill level 1 in Shields
  1085 | D:2      | Reached skill level 1 in Evocations
  1085 | D:2      | Reached XP level 4. HP: 34/34 MP: 11/11
  1280 | D:2      | Reached skill level 1 in Conjurations
  1280 | D:2      | Reached skill level 1 in Hexes
  1280 | D:2      | Reached skill level 1 in Charms
  1280 | D:2      | Reached skill level 1 in Summonings
  1280 | D:2      | Reached skill level 1 in Necromancy
  1280 | D:2      | Reached skill level 1 in Translocations
  1280 | D:2      | Reached skill level 1 in Fire Magic
  1280 | D:2      | Reached skill level 1 in Ice Magic
  1280 | D:2      | Reached skill level 1 in Air Magic
  1280 | D:2      | Reached skill level 1 in Earth Magic
  1280 | D:2      | Reached skill level 1 in Poison Magic
  1288 | D:2      | Noticed a centaur
  1288 | D:2      | Noticed an orc warrior
  1324 | D:2      | Found a stormy altar of Qazlal.
  1351 | D:2      | Reached * piety under Vehumet
  1351 | D:2      | Offered knowledge of Sandblast by Vehumet.
  1367 | D:2      | Learned a level 1 spell: Sandblast
  1425 | D:2      | Found a shadowy altar of Dithmenos.
  1437 | D:2      | Found a runed translucent door.
  1438 | D:2      | Noticed Crazy Yiuf
  1617 | D:2      | Found a faded altar of an unknown god.
  1769 | D:2      | Slain by Crazy Yiuf

Skill      XL: |  1  2  3  4 |
---------------+-------------+-----
Spellcasting   | 5 |  5.1
Invocations    | 1 |  1.3
Short Blades   | 1 |  1.2
Long Blades    | 1 |  1.2
Axes           | 1 |  1.2
Maces & Flails | 1 |  1.2
Polearms       | 1 |  1.2
Staves         | 1 |  1.2
Slings         | 1 |  1.2
Bows           | 1 |  1.2
Crossbows      | 1 |  1.2
Throwing       | 1 |  1.2
Armour         | 1 |  1.2
Stealth        | 1 |  1.2
Shields        | 1 |  1.2
Evocations     | 1 |  1.2
Conjurations   | 1 |  1.0
Hexes          | 1 |  1.0
Charms         | 1 |  1.0
Summonings     | 1 |  1.0
Necromancy     | 1 |  1.0
Translocations | 1 |  1.0
Fire Magic     | 1 |  1.0
Ice Magic      | 1 |  1.0
Air Magic      | 1 |  1.0
Earth Magic    | 1 |  1.0
Poison Magic   | 1 |  1.0
Fighting       | |  2.8
Dodging        | |  4.6
Unarmed Combat | |  6.6
Transmutations | |  3.8

Action                   |  1- 3 |  4- 6 || total
-------------------------+-------+-------++-------
Melee: Unarmed           |    64 |    44 ||   108
       Bite              |     8 |     5 ||    13
       Headbutt          |     6 |     3 ||     9
Throw: Stone             |       |     3 ||     3
 Cast: Beastly Appendage |     5 |     3 ||     8
       Sandblast         |       |    10 ||    10
  Use: Potion            |     4 |     1 ||     5
 Stab: Sleeping          |     1 |       ||     1
  Eat: Chunk             |       |     2 ||     2
Armor: Robe              |    12 |    18 ||    30
       Skin              |       |     5 ||     5
Dodge: Dodged            |    38 |    56 ||    94
